 Dungeon Crawl Stone Soup version 0.19.1 (webtiles) character file.

2460 Iamburgie the Fighter (level 9, -1/89 HPs)
             Began as a Minotaur Fighter on Nov 25, 2016.
             Killed from afar by Duvessa (16 damage)
             ... with a wand of flame
             ... on level 6 of the Dungeon on Nov 28, 2016.
             The game lasted 00:15:50 (5912 turns).

Iamburgie the Fighter (Minotaur Fighter)            Turns: 5912, Time: 00:15:51

Health: -1/89      AC: 10    Str: 21    XL:     9   Next: 26%
Magic:  8/8        EV:  7    Int:  5    God:
Gold:   412        SH: 10    Dex: 15    Spells: 0 memorised, 8 levels left

rFire  x . .     SeeInvis .     n - +3 falchion (elec)
rCold  + . .     Gourm    .     b - +0 scale mail
rNeg   . . .     Faith    .     c - +0 shield
rPois  .         Spirit   .     (helmet restricted)
rElec  .         Reflect  .     q - +2 cloak
rCorr  .         Harm     .     (no gloves)
MR     .....                    (no boots)
Stlth  ..........               (no amulet)
                                s - ring of ice
                                j - +2 ring of dexterity

@: no status effects
A: retaliatory headbutt, horns 2
a: no special abilities


You were on level 6 of the Dungeon.
You were not hungry.

You visited 1 branch of the dungeon, and saw 6 of its levels.
You also visited: Sewer.

You collected 412 gold pieces.

Inventory:

Hand Weapons
 a - a +0 war axe
 n - a +3 falchion of electrocution (weapon)
Armour
 b - a +0 scale mail (worn)
 c - a +0 shield (worn)
 q - a +2 cloak (worn)
 K - a +1 chain mail of positive energy
Jewellery
 j - a +2 ring of dexterity (left hand)
 p - an uncursed amulet of magic regeneration {unknown}
 s - a ring of ice (right hand)
 I - a +2 ring of slaying {unknown}
Wands
 v - a wand of digging (7/24)
 F - a wand of lightning (3/15)
 J - a wand of random effects (13/48)
Scrolls
 e - 4 scrolls of recharging
 g - a scroll of magic mapping {unknown}
 i - 3 scrolls of remove curse
 l - 4 scrolls of identify
 m - 3 scrolls of enchant armour
 o - 5 scrolls of teleportation
 t - 5 scrolls of fog
 u - a scroll of enchant weapon
 y - a scroll of amnesia
 D - a scroll of fear {unknown}
Potions
 d - 3 potions of might
 h - 6 potions of heal wounds
 k - 7 potions of curing
 r - 3 potions of lignification
 x - 2 potions of mutation {unknown}
 z - 2 potions of degeneration
 A - a potion of flight {unknown}
 B - 2 potions of agility {unknown}
 C - 2 potions of brilliance {unknown}
 E - a potion of haste
 H - a potion of invisibility {unknown}
Comestibles
 f - 5 bread rations
 w - 2 meat rations
 G - 2 chunks of flesh


   Skills:
 + Level 11.1 Fighting
 + Level 10.6 Axes
 - Level 3.6 Armour
 - Level 3.6 Shields


You had 8 spell levels left.
You didn't know any spells.

Dungeon Overview and Level Annotations

Branches:
Dungeon (6/15)
 Temple: D:4-7

Altars:
Cheibriados
Elyvilon
Fedhas
Sif Muna
Uskayaw
Vehumet
The Shining One

Shops:
D:4 (   D:6 *

Annotations:
D:6 Dowan, Duvessa


Innate Abilities, Weirdness & Mutations

You reflexively headbutt those who attack you in melee.
You have a pair of horns on your head.


Message History

You see here a giant club.
There is an open door, spattered with blood here.
You open the door.
A mottled dragon, Duvessa and Dowan come into view.
The mottled dragon roars!
Duvessa shouts!
The mottled dragon moves out of view.
Dowan picks up a worn bone wand.
Found a meat ration.
Duvessa zaps a wand.
The puff of flame hits you! The fire burns you terribly!
* * * LOW HITPOINT WARNING * * *
It is a wand of flame.
Dowan zaps a wand.
You easily resist.
It is a wand of polymorph.
There is an open door here.
Duvessa zaps a wand.
The puff of flame hits you!
Duvessa zaps a wand.
The puff of flame misses you.
Duvessa zaps a wand.
The puff of flame hits you! The fire burns you terribly!
* * * LOW HITPOINT WARNING * * *
Dowan mumbles some strange words.
Dowan blinks!
Duvessa zaps a wand.
The puff of flame hits you! The fire burns you terribly!
You die...

....##..e##.....##...##
..†.#######..§..####### ###
#.....##.........# #.##. ..#
##..####.....De..# #.##. #.###
##..####.........####.# .##...#
.................#....# ..#...#
.##.#.##.........#.#### #.#...#
..#.#..#.........#.# #.#.<.#
..#..#.#........@#.# #.#...#
..##...............# #...###
.####...........#..######..##
...............##......##..#
#######..#.#######.###.##..#
#####..#.#######.###.##..######
###..............................
....####...######..###..#..######
.....####....## #.## ##....##


You could see Duvessa and a mottled dragon.

Vanquished Creatures
  A hill giant (D:6)
  A troll (D:6)
  2 sky beasts (D:6)
  An ice beast (D:6)
  2 ogres (D:6)
  2 centaurs (D:6)
  3 big kobolds
  A bullfrog (D:6)
  A scorpion (D:5)
  2 crimson imps
  4 hounds (D:6)
  2 orc wizards
  A gnoll shaman (D:6)
  A bullfrog skeleton (D:6)
  A jelly (D:6)
  A centaur skeleton (D:4)
  2 iguanas
  Jessica (D:3)
  A worker ant (D:6)
  A hound zombie (D:6)
  A hound skeleton (D:5)
  Robin (D:2)
  8 gnolls
  9 adders
  A river rat (D:4)
  A shadow imp (D:5)
  3 oozes
  2 worms
  3 dart slugs
  7 leopard geckos
  5 orcs
  2 ball pythons (Sewer)
  8 bats
  6 giant cockroaches
  19 goblins
  13 hobgoblins
  7 jackals
  67 kobolds
  5 quokkas
  8 frilled lizards
  3 leopard gecko skeletons
  8 rats
218 creatures vanquished.

Notes
Turn   | Place    | Note
-------+----------+-------------------------------------------
     0 | D:1      | Iamburgie the Minotaur Fighter began the quest for the Orb.
     0 | D:1      | Reached XP level 1. HP: 19/19 MP: 0/0
   313 | D:1      | Reached skill level 4 in Fighting
   313 | D:1      | Reached XP level 2. HP: 27/27 MP: 1/1
   868 | D:1      | Reached XP level 3. HP: 33/33 MP: 2/2
  1132 | D:2      | Noticed Robin
  1147 | D:2      | Killed Robin
  1343 | D:2      | Found a deep blue altar of Sif Muna.
  1370 | D:2      | Reached XP level 4. HP: 35/41 MP: 3/3
  1377 | D:2      | Found a faded altar of an unknown god.
  1427 | D:2      | Reached skill level 5 in Fighting
  1731 | D:3      | Noticed Jessica
  1738 | D:3      | Killed Jessica
  1738 | D:3      | Reached skill level 5 in Axes
  1738 | D:3      | Reached XP level 5. HP: 34/48 MP: 4/4
  1801 | D:3      | Found a glowing golden altar of the Shining One.
  1881 | D:3      | Found a radiant altar of Vehumet.
  2504 | D:4      | Reached skill level 6 in Fighting
  2516 | D:4      | Found a blossoming altar of Fedhas.
  2625 | D:4      | Reached XP level 6. HP: 53/57 MP: 5/5
  2654 | D:4      | Found Riurhes's Antique Weapon Emporium.
  2810 | D:4      | Found a glowing drain.
  2815 | Sewer    | Entered a sewer
  3033 | Sewer    | Reached skill level 7 in Fighting
  3527 | D:5      | Entered Level 5 of the Dungeon
  3739 | D:5      | Reached XP level 7. HP: 53/66 MP: 6/6
  4232 | D:5      | Reached skill level 8 in Fighting
  4800 | D:6      | Reached XP level 8. HP: 22/77 MP: 7/7
  5083 | D:6      | Found Ofilio's Assorted Antiques.
  5101 | D:6      | Reached skill level 9 in Fighting
  5114 | D:6      | Found a hide-covered altar of Uskayaw.
  5182 | D:6      | Found a white marble altar of Elyvilon.
  5186 | D:6      | Found a snail-covered altar of Cheibriados.
  5367 | D:6      | Reached skill level 10 in Fighting
  5502 | D:6      | Noticed a troll
  5509 | D:6      | Killed a troll
  5667 | D:6      | Reached skill level 10 in Axes
  5695 | D:6      | Reached XP level 9. HP: 86/86 MP: 8/8
  5878 | D:6      | Noticed a hill giant
  5885 | D:6      | Killed a hill giant
  5885 | D:6      | Reached skill level 11 in Fighting
  5901 | D:6      | Noticed Duvessa
  5901 | D:6      | Noticed Dowan
  5912 | D:6      | Killed from afar by Duvessa

Skill      XL: |  1  2  3  4  5  6  7  8  9 |
---------------+----------------------------+-----
Fighting       | 4 5 6 7 8 10 11 | 11.1
Axes           | 3 4 5 6 8 10 | 10.6
Armour         | |  3.6
Shields        | |  3.6

Action                   |  1- 3 |  4- 6 |  7- 9 || total
-------------------------+-------+-------+-------++-------
Melee: War axe           |    83 |    30 |       ||   113
       Headbutt          |    12 |    21 |    46 ||    79
       Falchion          |       |   114 |   226 ||   340
  Use: Scroll            |       |    13 |       ||    13
       Potion            |       |       |     2 ||     2
  Eat: Chunk             |     2 |     7 |     8 ||    17
Armor: Scale mail        |    40 |    74 |   132 ||   246
Dodge: Dodged            |    26 |    45 |    95 ||   166
Block: Shield            |    42 |    90 |   155 ||   287
       Rpst.: Falchion   |       |    11 |    19 ||    30
